 Dungeon Crawl Stone Soup version 0.20-a0-1074-g6a0a8e1 (webtiles) character file.

98 Alarkh the Chopper (level 4, -3/35 HPs)
             Began as a Demonspawn Monk on Apr 29, 2017.
             Splashed by a jelly's acid (7 damage)
             ... on level 2 of the Dungeon.
             The game lasted 00:02:34 (2951 turns).

Alarkh the Chopper (Demonspawn Monk)                Turns: 2951, Time: 00:02:35

Health: -3/35      AC: -2    Str: 10 (12) XL:     4   Next: 43%
Magic:  4/4        EV: 15    Int: 17      God:
Gold:   63         SH:  0    Dex: 15      Spells: 3/3 levels left

rFire    . . .     SeeInvis .   a - +0 hand axe
rCold    . . .     Gourm    .   (no shield)
rNeg     . . .     Faith    .   b - +0 robe
rPois    .         Spirit   .   (no helmet)
rElec    .         Reflect  .   (no cloak)
rCorr    .         Harm     .   (no gloves)
MR       .....                  (no boots)
Stlth    ++........             (no amulet)
Regen    0.2/turn               p - +3 ring of evasion
MPRegen  0.1/turn               (no ring)

@: brilliant, corroded, heavily drained
A: powered by pain 2
a: no special abilities


You were on level 2 of the Dungeon.
You were hungry.

You visited 1 branch of the dungeon, and saw 2 of its levels.

You collected 63 gold pieces.

Inventory:

Hand Weapons
 a - a +0 hand axe (weapon)
Missiles
 q - 15 stones (quivered)
Armour
 b - a +0 robe (worn)
Jewellery
 d - an uncursed amulet of harm
 i - an uncursed ring of fire
 p - a +3 ring of evasion (left hand)
Scrolls
 e - a scroll of identify
 h - a scroll of immolation {unknown}
 j - a scroll of amnesia {unknown}
 k - a scroll of recharging {unknown}
 n - a scroll of teleportation {unknown}
Potions
 f - a potion of haste
 g - a potion of invisibility
 l - a potion of degeneration
 m - a potion of brilliance
Comestibles
 c - a bread ration
 o - 4 chunks of flesh


   Skills:
 - Level 3.0(1.5) Fighting
 + Level 4.8(3.2) Axes
 - Level 2.6(1.2) Dodging
 - Level 1.7(0.3) Stealth


You had 3 spell levels left.
You didn't know any spells.

Dungeon Overview and Level Annotations

Branches:
Dungeon (2/15)

Altars:
Xom


Innate Abilities, Weirdness & Mutations

You sometimes gain power by taking damage.


Message History

The stone hits the jelly but does no damage.
The jelly is heavily wounded.
You hit the jelly.
Your hands burn!
The jelly is heavily wounded.
You hit the jelly.
Your hands burn!
* * * LOW HITPOINT WARNING * * *
The jelly is heavily wounded.
The jelly completely misses you.
You hit the jelly but do no damage.
Your hands burn!
* * * LOW HITPOINT WARNING * * *
The jelly is heavily wounded.
The jelly barely misses you.
You hit the jelly. The acid corrodes you!
Your hands burn!
* * * LOW HITPOINT WARNING * * *
The jelly is almost dead.
You feel yourself slow down. The jelly hits you.
* * * LOW HITPOINT WARNING * * *
You are splashed with acid!
The acid burns!
You die...

###...(.((((.....#
<.........[...(..#
...........).##(.########
.....##'####.##..#......#
.....##.# #.##.)#..(...#
.....##.# #.##.(#).....#
.....##.####.###(#......#
##...##......# #J#....(.# #######
##......########@#......###.....#
.'......'.......>.............(.#
.#......####.........##.........#
.#......# #)........##..........
)#......# #.........##..........
.#.[....# #.........##..........
.#......# ##################....
######### #.... #....


You could see a jelly.

Vanquished Creatures
  5 adders (D:2)
  A leopard gecko (D:2)
  4 bats
  3 giant cockroaches
  7 goblins
  8 hobgoblins
  An iguana (D:2)
  3 jackals (D:2)
  8 kobolds
  3 frilled lizards (D:1)
  4 rats
47 creatures vanquished.

Notes
Turn   | Place    | Note
-------+----------+-------------------------------------------
     0 | D:1      | Alarkh the Demonspawn Monk began the quest for the Orb.
     0 | D:1      | Reached XP level 1. HP: 18/18 MP: 1/1
   194 | D:1      | Reached skill level 3 in Axes
   221 | D:1      | Gained mutation: You sometimes gain a little power by taking damage. [demonic ancestry]
   221 | D:1      | Reached XP level 2. HP: 24/24 MP: 2/2
   744 | D:2      | Gained mutation: You sometimes gain power by taking damage. [demonic ancestry]
   744 | D:2      | Reached XP level 3. HP: 11/29 MP: 3/3
  1107 | D:2      | Reached skill level 4 in Axes
  1624 | D:2      | Found a shimmering altar of Xom.
  1664 | D:2      | Reached XP level 4. HP: 17/35 MP: 4/4
  2951 | D:2      | Splashed by a jelly's acid

Vault maps used:
D:1:      ncdulo_wetmaze
D:2:      dk_xom_monty_hall

Skill      XL: |  1  2  3 |
---------------+----------+-----
Axes           | 3 4 |  4.8
Fighting       | |  3.0
Dodging        | |  2.6
Stealth        | |  1.7

Action                   |  1- 3 |  4- 6 || total
-------------------------+-------+-------++-------
Melee: Hand axe          |   138 |    63 ||   201
Throw: Stone             |       |     9 ||     9
  Use: Potion            |     2 |     3 ||     5
       Scroll            |     2 |       ||     2
 Stab: Sleeping          |     2 |     1 ||     3
  Eat: Chunk             |     2 |     4 ||     6
Armor: Robe              |    31 |     8 ||    39
Dodge: Dodged            |   142 |    36 ||   178
